 Dungeon Crawl Stone Soup version 0.24.0-13-gcf9b319 (webtiles) character file.

Game seed: 14711417526316744970, levelgen mode: deterministic

30 Afromullet the Charmwright (level 3, 0/31 HPs)
             Began as a Gnoll Skald on Feb 3, 2020.
             Succumbed to a hobgoblin's poison
             ... on level 2 of the Dungeon.
             The game lasted 00:06:25 (970 turns).

Afromullet the Charmwright (Gnoll Skald)             Turns: 970, Time: 00:06:26

Health: 0/31       AC:  3    Str: 13    XL:     3   Next: 18%
Magic:  9/9        EV: 14    Int: 16    God:
Gold:   82         SH:  0    Dex: 14    Spells: 7/12 levels left

rFire    . . .     SeeInvis .   a - +0 mace
rCold    . . .     Gourm    .   (no shield)
rNeg     . . .     Faith    .   b - +0 leather armour
rPois    .         Spirit   .   (no helmet)
rElec    .         Reflect  .   (no cloak)
rCorr    .         Harm     .   (no gloves)
MR       .....                  (no boots)
Stlth    +.........             (no amulet)
HPRegen  0.10/turn              (no ring)
MPRegen  0.11/turn              (no ring)

@: lethally poisoned (0 -> -11)
A: distributed training, fangs 1, strong nose
a: no special abilities


You were on level 2 of the Dungeon.
You were not hungry.

You visited 1 branch of the dungeon, and saw 2 of its levels.

You collected 82 gold pieces.

Inventory:

Hand Weapons
 a - a +0 mace (weapon)
Armour
 b - a +0 leather armour (worn)
Scrolls
 f - a scroll of identify
 g - 2 scrolls of noise
Potions
 c - a potion of haste
 e - 2 potions of brilliance
Comestibles
 d - 3 rations


   Skills:
 + Level 4.5 Fighting
 + Level 0.6 Short Blades
 + Level 0.6 Long Blades
 + Level 0.6 Axes
 + Level 4.5 Maces & Flails
 + Level 0.6 Polearms
 + Level 0.6 Staves
 + Level 0.6 Slings
 + Level 0.6 Bows
 + Level 0.6 Crossbows
 + Level 0.6 Throwing
 + Level 2.5 Armour
 + Level 4.5 Dodging
 + Level 0.6 Stealth
 + Level 0.6 Shields
 + Level 0.6 Unarmed Combat
 + Level 5.0 Spellcasting
 + Level 0.4 Conjurations
 + Level 0.4 Hexes
 + Level 5.4 Charms
 + Level 0.4 Summonings
 + Level 0.4 Necromancy
 + Level 0.4 Translocations
 + Level 0.4 Transmutations
 + Level 0.4 Fire Magic
 + Level 0.4 Ice Magic
 + Level 0.4 Air Magic
 + Level 0.4 Earth Magic
 + Level 0.4 Poison Magic
 + Level 0.8 Invocations
 + Level 0.6 Evocations


You had 7 spell levels left.
You knew the following spells:

 Your Spells              Type           Power        Failure   Level  Hunger
a - Infusion              Chrm           ###.         2%          1    None
b - Shroud of Golubria    Chrm/Tloc      ##....       9%          2    #......
c - Song of Slaying       Chrm           ###.....     3%          2    #......

Your spell library contained the following spells:

 Spells                   Type           Power        Failure   Level  Hunger
 Regeneration             Chrm/Necr      ##........   17%         3    ###....
 Spectral Weapon          Hex/Chrm       ##......     17%         3    ###....


Dungeon Overview and Level Annotations

Branches:
Dungeon (2/15)

Altars:


Innate Abilities, Weirdness & Mutations

Your experience applies equally to all skills.
You have very sharp teeth.
Your uncanny sense of smell can sniff out nearby items.


Message History

Something hits you but does no damage.
You hit something.
You feel sick. Something hits you.
* * * LOW HITPOINT WARNING * * *
You miss something. You bite something.
* * * LOW HITPOINT WARNING * * *
You feel sick. Something hits you.
* * * LOW HITPOINT WARNING * * *
You closely miss something.
* * * LOW HITPOINT WARNING * * *
You feel sick. Something hits you but does no damage.
Okay, then.
* * * LOW HITPOINT WARNING * * *
You feel sick.
You open the door.
* * * LOW HITPOINT WARNING * * *
You feel sick. Something hits you but does no damage.
* * * LOW HITPOINT WARNING * * *
You feel sick.
There is an open door here.
You die...

##........(.........#
.......((((.(>#####.#
......###.......... #
..... #.#########
.... #.# ... #.# ..
#{# . ###'####
#..@...# #......#
#......# #......#
#......# ###.#### #'#
...


There were no monsters in sight!

Vanquished Creatures
  A dart slug (D:1)
  A leopard gecko (D:1)
  4 giant cockroaches (D:1)
  5 goblins
  2 hobgoblins (D:1)
  6 kobolds
  A bat (D:1)
  A frilled lizard (D:1)
  4 rats (D:1)
25 creatures vanquished.

Notes
Turn   | Place    | Note
-------+----------+-------------------------------------------
     0 | D:1      | Afromullet the Gnoll Skald began the quest for the Orb.
     0 | D:1      | Reached XP level 1. HP: 20/20 MP: 6/6
   128 | D:1      | Reached XP level 2. HP: 16/26 MP: 7/7
   364 | D:1      | Learned a level 2 spell: Shroud of Golubria
   385 | D:1      | Learned a level 2 spell: Song of Slaying
   620 | D:1      | Reached XP level 3. HP: 31/31 MP: 9/9
   757 | D:2      | Reached skill level 5 in Spellcasting
   969 | D:2      | HP: 1/31 [poisoned by a hobgoblin]
   970 | D:2      | Succumbed to a hobgoblin's poison

Levels and vault maps discovered:
D:1:      evilmike_arrival_crescent, layout_basic, serial_glass,
          glass_columns_a, glass_columns_b, corexii_hall_statues_i
D:2:      layout_basic

Skill      XL: |  1  2  3 |
---------------+----------+-----
Spellcasting   | 5 |  5.0
Fighting       | |  4.5
Short Blades   | |  0.6
Long Blades    | |  0.6
Axes           | |  0.6
Maces & Flails | |  4.5
Polearms       | |  0.6
Staves         | |  0.6
Slings         | |  0.6
Bows           | |  0.6
Crossbows      | |  0.6
Throwing       | |  0.6
Armour         | |  2.5
Dodging        | |  4.5
Stealth        | |  0.6
Shields        | |  0.6
Unarmed Combat | |  0.6
Conjurations   | |  0.4
Hexes          | |  0.4
Charms         | |  5.4
Summonings     | |  0.4
Necromancy     | |  0.4
Translocations | |  0.4
Transmutations | |  0.4
Fire Magic     | |  0.4
Ice Magic      | |  0.4
Air Magic      | |  0.4
Earth Magic    | |  0.4
Poison Magic   | |  0.4
Invocations    | |  0.8
Evocations     | |  0.6

Action                   || total
-------------------------++-------
Melee: Mace              ||    76
       Bite              ||     7
 Cast: Shroud of Golubri ||     2
  Use: Scroll            ||     3
Armor: Leather armour    ||    19
Dodge: Dodged            ||    64
